 Dungeon Crawl Stone Soup version 0.27-a0-1196-g3e9cee4 (webtiles) character file.

Game seed: 16729475617791289797

186 Meow the Sneak (level 5, 42/42 HPs)
             Began as a Naga Venom Mage on May 27, 2021.
             Quit the game on level 2 of the Dungeon.
             The game lasted 00:05:05 (1475 turns).

Meow the Sneak (Naga Venom Mage)                    Turns: 1475, Time: 00:05:06

Health: 42/42      AC:  2    Str: 10    XL:     5   Next: 66%
Magic:  2/10       EV: 10    Int: 16    God:
Gold:   83         SH:  0    Dex: 12    Spells: 4/11 levels left

rFire    . . .     SeeInvis +   a - +0 hunting sling
rCold    . . .     Faith    .   (no shield)
rNeg     . . .     Spirit   .   e - +0 robe
rPois    +         Reflect  .   (no helmet)
rElec    .         Harm     .   (no cloak)
rCorr    .         Rampage  .   (no gloves)
Will     .....                  (no barding)
Stlth    +++.......             (no amulet)
HPRegen  0.14/turn              f - ring of flight
MPRegen  0.12/turn              (no ring)

@: short of breath, flying, very slow
A: AC +1, large, see invisible, deformed body, poison resistance, slowness 2,
spit poison 1, naga tail 1
a: Spit Poison


You were on level 2 of the Dungeon.
You visited 1 branch of the dungeon, and saw 2 of its levels.

You collected 83 gold pieces.

Inventory:

Hand Weapons
 a - a +0 hunting sling (weapon)
 b - a +0 quarterstaff
 c - a +0 hand axe
 o - a +0 short sword of draining
Missiles
 g - 39 stones
 i - 8 sling bullets (quivered ammo)
 p - 16 arrows
 q - 21 bolts
 r - 11 poisoned darts
Armour
 e - a +0 robe (worn)
Jewellery
 f - a ring of flight (left hand)
Scrolls
 d - a scroll of teleportation {unknown}
 j - a scroll of blinking {unknown}
 m - a scroll of amnesia {unknown}
Potions
 h - a potion of might {unknown}
 k - a potion of berserk rage {unknown}
 l - 2 potions of brilliance {unknown}
 n - a potion of flight {unknown}


   Skills:
 - Level 1.5 Dodging
 * Level 6.1 Stealth
 * Level 3.6 Spellcasting
 + Level 2.0 Conjurations
 - Level 1.0 Transmutations
 - Level 4.0 Poison Magic


You had 4 spell levels left.
You knew the following spells:

 Your Spells              Type           Power      Damage    Failure   Level
a - Sting                 Tmut/Pois      40%        1d5       6%          1
c - Mephitic Cloud        Conj/Pois/Air  9%         N/A       22%         3
C - Ignite Poison         Fire/Tmut/Pois 8%         N/A       26%         3

Your spell library contained the following spells:

 Spells                   Type           Power      Damage    Failure   Level
 Poisonous Vapours        Pois/Air       18%        N/A       12%         2
 Animate Skeleton         Necr           4%         N/A       19%         1
 Apportation              Tloc           4%         N/A       19%         1
 Corona                   Hex            2%         N/A       19%         1
 Summon Small Mammal      Summ           8%         N/A       19%         1
 Olgreb's Toxic Radiance  Pois           15%        N/A       32%         4


Dungeon Overview and Level Annotations

Branches:
Dungeon (2/15)

Altars:


Innate Abilities, Weirdness & Mutations

Your serpentine skin is tough. (AC +1)
You have supernaturally acute eyesight. (SInv)
Armour fits poorly on your strangely shaped body.
Your system is resistant to poisons. (rPois)
You cover ground very slowly.
You can spit poison.
You have a snake-like lower body.


Message History

Unknown command.
Press: ? - help, Shift-Dir - straight line, f - Sigmund
Aim: Sigmund, wielding a +0 scythe and wearing a +0 robe (noxious fumes, slightly transparent, confused)
The splash of poison hits Sigmund!
Sigmund is poisoned.
Sigmund is moderately wounded.
Sigmund is engulfed in noxious fumes.
Sigmund appears confused.
Unknown command.
Fire: 11 sling bullets
Press: ? - help, Q - select action, (/) - cycle Shift-Dir - straight line, f/p - Sigmund
Aim: Sigmund, wielding a +0 scythe and wearing a +0 robe (noxious fumes, moderately wounded, slightly transparent, confused, poisoned, 75% to hit)
You shoot a sling bullet. The sling bullet hits Sigmund.
Sigmund is heavily wounded.
Sigmund is engulfed in noxious fumes.
Sigmund appears confused.
Fire: 10 sling bullets
Press: ? - help, Q - select action, (/) - cycle Shift-Dir - straight line, f/p - Sigmund
Aim: Sigmund, wielding a +0 scythe and wearing a +0 robe (heavily wounded, slightly transparent, confused, poisoned, 75% to hit)
You shoot a sling bullet. The sling bullet barely misses Sigmund.
Unknown command.
Fire: 9 sling bullets
Press: ? - help, Q - select action, (/) - cycle Shift-Dir - straight line, f/p - Sigmund
Aim: Sigmund, wielding a +0 scythe and wearing a +0 robe (noxious fumes, heavily wounded, slightly transparent, confused, poisoned, 75% to hit)
You shoot a sling bullet. The sling bullet barely misses Sigmund.
Sigmund is engulfed in noxious fumes.
Sigmund appears confused.
Sigmund looks more healthy.
Sigmund ponders the situation.
You have got your breath back.
Press: ? - help, Shift-Dir - straight line, f/p - Sigmund
Aim: Sigmund, wielding a +0 scythe and wearing a +0 robe (severely wounded, slightly transparent, confused)
The splash of poison hits Sigmund.
Sigmund is poisoned.
Sigmund is almost dead.
Your magical contamination has completely faded away.
Unknown command.
You feel a bit more experienced.
Your Stealth skill gained 2 levels and is now at level 6!
Your Spellcasting skill increases to level 3!
Your Conjurations skill increases to level 2!
You have reached level 4!
You feel agile.
You have reached level 5!
Are you sure you want to abandon this character and quit the game? (Confirm with "yes".)

#.# #...## ##.##### #....####
.......# ##......# ##.###.######
#.....## ^...........## #...#..#
.............# #...##.#
.............# ######.# #
.............#########.####.#
..≈≈≈≈≈.........@..........(#####
≈≈≈≈≈≈≈≈≈......#######.###(......
≈≈≈≈≈≈≈≈≈≈≈.##...#####........###
≈≈≈≈≈≈§≈≈............##..........
≈≈≈≈≈≈≈≈≈....#######.........@..#
..≈≈§≈≈≈.....# ###..........#
...≈≈≈≈≈≈≈...# #..........#
....≈≈≈≈≈≈...# #.......(...
.....≈≈≈≈≈≈..# #...........


There were no monsters in sight!

Vanquished Creatures
  Sigmund (D:2)
  4 dart slugs (D:1)
  5 endoplasms
  2 giant cockroaches (D:1)
  5 goblins
  A hobgoblin (D:2)
  5 ball pythons (D:1)
  4 bats (D:1)
  2 frilled lizards
  A kobold (D:1)
  4 rats (D:1)
34 creatures vanquished.

Notes
Turn   | Place    | Note
-------+----------+-------------------------------------------
     0 | D:1      | Meow the Naga Venom Mage began the quest for the Orb.
     0 | D:1      | Reached XP level 1. HP: 15/15 MP: 3/3
   111 | D:1      | Reached XP level 2. HP: 22/22 MP: 1/5
   313 | D:1      | Reached skill level 4 in Stealth
   475 | D:1      | Reached XP level 3. HP: 28/28 MP: 6/6
   479 | D:1      | Learned a level 3 spell: Ignite Poison
   483 | D:1      | Learned a level 3 spell: Mephitic Cloud
   571 | D:1      | Reached skill level 1 in Conjurations
   969 | D:1      | Found a faded altar of an unknown god.
  1278 | D:2      | Noticed Sigmund
  1474 | D:2      | Killed Sigmund
  1475 | D:2      | Reached skill level 6 in Stealth
  1475 | D:2      | Reached XP level 4. HP: 36/36 MP: 2/9
  1475 | D:2      | Reached XP level 5. HP: 42/42 MP: 2/10
  1475 | D:2      | Quit the game

Illustrated notes

Levels and vault maps discovered:
D:1:      erik_arrival_triangle_large, layout_loops_corners,
          shapermc_ecumenical_altar_hornbeckon, minivault_4,
          supply_closet_lemuel, minmay_tetromino_t4
D:2:      minmay_skewed_foursquare, layout_rooms, lemuel_old_faithful,
          uniq_robin, uniq_sigmund

Skill      XL: |  1  2  3 |
---------------+----------+-----
Stealth        | 4 6 |  6.1
Conjurations   | 2 |  2.0
Spellcasting   | 3 |  3.6
Dodging        | |  1.5
Transmutations | |  1.0
Poison Magic   | |  4.0

Action                   |  1- 3 |  4- 6 || total
-------------------------+-------+-------++-------
Melee: Hand axe          |     3 |       ||     3
 Fire: Hunting sling     |    17 |       ||    17
 Cast: Sting             |     9 |       ||     9
       Mephitic Cloud    |     1 |       ||     1
 Abil: Spit Poison       |    33 |       ||    33
Armor: Robe              |     4 |       ||     4
Dodge: Dodged            |     6 |       ||     6

Table legend: (Time is in decaauts)
 A = Elapsed time spent in this place.
 B = Non-inter-level travel time spent in this place.
 C = Inter-level travel time spent in this place.
 D = Time resting spent in this place.
 E = Time spent auto-exploring this place.
 F = Levels seen in this place.
 G = Mean time per level.
                   A        B        C        D        E       F      G
               +--------+--------+--------+--------+--------+-----+--------+
         Total |   1943 |   1807 |    136 |    140 |   1337 |   2 |  971.5 |
       Dungeon |   1943 |   1807 |    136 |    140 |   1337 |   2 |  971.5 |
               +--------+--------+--------+--------+--------+-----+--------+

Top non-repeatable levels by time:
     D:1: 1731 daAuts
     D:2: 212 daAuts
